General information
- name: BNet
- type: Ladder 1vs1/FFA
- host: Battle.net
- saver: lumucca
map: TerenasStand
- players: 2
- length: 15:45
- speed: Fast
- version: 1.26 W3XP
- replay type: Public
» download(44 KB)
Players
team 1 (winner)
lumucca (
red | 73 APM | 1144 actions | 15:45)
4 Blood Mage
2 Flame Strike
2 Siphon Mana
2 Archmage
1 Blizzard
1 Brilliance Aura
» actions
| Assign group hotkey | 49 | |
| Basic commands | 32 | |
| Build / train | 59 | |
| ESC pressed | 2 | |
| Enter build submenu | 21 | |
| Enter hero's abilities submenu | 6 | |
| Give item / drop item | 2 | |
| Right click | 494 | |
| Select / deselect | 293 | |
| Select group hotkey | 63 | |
| Use ability | 123 | |
1144 total
» units
| Peasant | 14 | |
| Goblin Shredder | 1 | |
| Goblin Zeppelin | 2 | |
17 total
» upgrades
» buildings
| Altar of Kings | 1 | |
| Farm | 5 | |
| Arcane Vault | 1 | |
| Scout Tower | 11 | |
| Lumber Mill | 1 | |
| Arcane Tower | 2 | |
| Keep | 1 | |
| Guard Tower | 3 | |
| Blacksmith | 1 | |
| Workshop | 1 | |
| Cannon Tower | 2 | |
| Town Hall | 1 | |
| Castle | 1 | |
31 total
» build order
00:05 Altar of Kings
00:12 Farm
00:18 Farm
00:51 Arcane Vault
00:57 Scout Tower
01:24 Lumber Mill
02:09 Farm
02:18 Arcane Tower
03:00 Scout Tower
03:05 Scout Tower
03:05 Scout Tower
03:32 Keep
03:48 Guard Tower
04:14 Guard Tower
05:04 Farm
05:19 Scout Tower
05:22 Farm
05:32 Blacksmith
05:51 Arcane Tower
07:15 Workshop
09:12 Scout Tower
09:14 Scout Tower
09:49 Cannon Tower
10:28 Guard Tower
11:03 Town Hall
13:06 Cannon Tower
13:33 Scout Tower
13:34 Scout Tower
13:34 Scout Tower
13:35 Scout Tower
15:13 Castle
» items
| Lesser Clarity Potion | 7 | |
| Scroll of Regeneration | 6 | |
| Staff of Teleportation | 1 | |
| Boots of Speed | 1 | |
| Ivory Tower | 3 | |
| Potion of Healing | 3 | |
| Scroll of Town Portal | 1 | |
| Potion of Mana | 2 | |
24 total
team 2 (loser)

»
IHL (
pink | 35 APM | 554 actions | 15:44)
3 Keeper of the Grove
2 Entangling Roots
1 Force of Nature
» actions
| Build / train | 43 | |
| Enter build submenu | 15 | |
| Enter hero's abilities submenu | 3 | |
| Remove unit from queue | 2 | |
| Right click | 247 | |
| Select / deselect | 201 | |
| Use ability | 43 | |
554 total
» units
| Wisp | 16 | |
| Archer | 8 | |
| Huntress | 6 | |
| Glaive Thrower | 4 | |
34 total
» upgrades
| Strength of the Wild | 1 | |
| Strength of the Moon | 1 | |
2 total
» buildings
| Altar of Elders | 1 | |
| Moon Well | 5 | |
| Ancient of War | 2 | |
| Hunter's Hall | 1 | |
| Ancient of Wonders | 1 | |
| Ancient Protector | 4 | |
| Tree of Ages | 1 | |
| Tree of Life | 1 | |
16 total
» build order
00:20 Altar of Elders
00:32 Moon Well
01:00 Ancient of War
01:29 Moon Well
02:15 Hunter's Hall
02:27 Ancient of Wonders
03:31 Ancient Protector
04:24 Ancient of War
04:52 Moon Well
05:43 Tree of Ages
05:47 Tree of Ages
05:56 Moon Well
07:04 Moon Well
07:56 Tree of Ages
08:02 Ancient Protector
10:41 Ancient Protector
10:48 Ancient Protector
12:08 Tree of Life
Chat log
(15:31 / All) lumucca: lol
(15:35 / All) lumucca: wow